 Dungeon Crawl Stone Soup version 0.31-a0-965-g8a8ce12e04 (webtiles) character file.

Game seed: 4073686620300137630

12391 Maratek the Cleaver (level 11, 0/84 HPs)
             Began as a Demonspawn Fighter on Oct 26, 2023.
             Was a Priest of Qazlal.
             Slain by an 11-headed hydra (7 damage)
             ... on level 9 of the Dungeon.
             The game lasted 00:17:00 (8591 turns).

Maratek the Cleaver (Demonspawn Fighter)            Turns: 8591, Time: 00:17:01

Health: 0/84       AC: 18    Str: 21    XL:     11   Next: 61%
Magic:  11/11      EV:  8    Int: 10    God:    Qazlal [***...]
Gold:   316        SH: 14    Dex: 12    Spells: 10/10 levels left

rFire   . . .        a - +2 war axe (venom)
rCold   . . .        c - +0 buckler
rNeg    . . .        E - +0 plate armour
rPois   .            (helmet unavailable)
rElec   .            D - +0 cloak
rCorr   +            x - +0 pair of gloves
SInv    +            u - +0 pair of boots
Will    +....        b - amulet of the acrobat Stlth
                     k - ring of Genahuth {Will+ rCorr SInv}
HPRegen 0.34/turn    n - +4 ring of slaying
MPRegen 0.12/turn

%: acrobat
@: no status effects
A: horns 3, foul stench 1, condensation shield
a: Renounce Religion, Upheaval, Elemental Force


You were on level 9 of the Dungeon.
You worshipped Qazlal.
Qazlal was most pleased with you.
You visited 1 branch of the dungeon, and saw 9 of its levels.
You also visited: Sewer.

You collected 420 gold pieces.
You spent 104 gold pieces at shops.

Inventory:

Hand Weapons
 a - a +2 war axe of venom (weapon)
 v - the +2 falchion of Nozoepnu {vamp, Str-3 Int+5}
   (You found it on level 7 of the Dungeon)

   Str-3:     It affects your strength (-3).
   Int+5:     It affects your intelligence (+5).
Armour
 c - a +0 buckler (worn)
 u - a +0 pair of boots (worn)
 x - a +0 pair of gloves (worn)
 D - a +0 cloak (worn)
 E - a +0 plate armour (worn)
Jewellery
 b - an amulet of the acrobat (around neck)
 k - the ring of Genahuth (left hand) {Will+ rCorr SInv}
   (You found it on level 3 of the Dungeon)

   [ring of resist corrosion]

   Will+:     It increases your willpower.
   SInv:      It lets you see invisible.
   rCorr:     It protects you from acid and corrosion.
 n - a +4 ring of slaying (right hand)
Wands
 o - a wand of flame (9)
 p - a wand of mindburst (15)
 s - a wand of iceblast (7)
 z - a wand of digging (2)
 C - a wand of quicksilver (7)
Scrolls
 e - a scroll of brand weapon
 f - 5 scrolls of teleportation
 i - 2 scrolls of fear
 r - a scroll of fog
Potions
 d - 2 potions of might
 g - 2 potions of lignification
 h - 3 potions of degeneration {unknown}
 j - 2 potions of berserk rage {unknown}
 l - a potion of attraction {unknown}
 m - 2 potions of curing
 q - a potion of brilliance {unknown}
 t - a potion of ambrosia {unknown}
 w - a potion of mutation {unknown}
 A - a potion of heal wounds
 B - a potion of haste {unknown}


   Skills:
 + Level 7.5 Fighting
 + Level 11.2 Axes
 + Level 8.5 Armour
 + Level 5.1 Dodging
 + Level 3.1 Stealth
 + Level 7.5 Shields


You had 10 spell levels left.
You didn't know any spells.
Your spell library contained the following spells:

 Spells                   Type           Power      Damage    Failure   Level
 Magic Dart               Conj           0%         1d3       100%        1
 Shock                    Conj/Air       0%         1d3       100%        1
 Blink                    Tloc           0%         N/A       100%        2
 Lesser Beckoning         Tloc           0%         N/A       100%        2
 Scorch                   Fire           0%         2d5       100%        2
 Searing Ray              Conj           0%         2d4       100%        2
 Gell's Gravitas          Tloc           0%         N/A       100%        3
 Swiftness                Air            0%         N/A       100%        3
 Teleport Other           Tloc           0%         N/A       100%        3
 Airstrike                Air            0%         2d(0-16)  100%        4
 Flame Wave               Conj/Fire      0%         2d4       100%        4
 Fulminant Prism          Conj/Hex       0%         3d5       100%        4
 Manifold Assault         Tloc           0%         N/A       100%        4
 Summon Cactus Giant      Summ           0%         N/A       100%        6


Dungeon Overview and Level Annotations

Branches:
Dungeon (9/15)             Temple (0/1) D:4           Sewer (visited)
   Lair: D:8-11         Orc: D:9-12

Altars:
Fedhas
Nemelex Xobeh
Qazlal
Yredelemnul

Shops:
D:4 [   D:7 !   D:9 =*


Innate Abilities, Weirdness & Mutations

You have a pair of large horns on your head.
You may rarely emit foul miasma when damaged in melee.
A meltable shield of frost defends you. (SH +4)


Message History

The eight-headed hydra bites you.
The eight-headed hydra bites you but does no damage.
The eight-headed hydra barely misses you.
You are too injured to fight recklessly!
Unknown command.
You are too injured to fight recklessly!
Unknown command.
You are too injured to fight recklessly!
Unknown command.
You slice one of the eight-headed hydra's heads off!
The seven-headed hydra grows two more!
You hit the nine-headed hydra.
The nine-headed hydra is moderately wounded.
You hear a shout!
The nine-headed hydra is engulfed in dark miasma.
The nine-headed hydra bites you!
* * * LOW HITPOINT WARNING * * *
The nine-headed hydra bites you.
* * * LOW HITPOINT WARNING * * *
You block the nine-headed hydra's attack. x3
The nine-headed hydra bites you but does no damage.
The nine-headed hydra bites you!
* * * LOW HITPOINT WARNING * * *
The nine-headed hydra bites you but does no damage.
The nine-headed hydra completely misses you.
You chop one of the nine-headed hydra's heads off!
The eight-headed hydra grows two more!
You slash the ten-headed hydra!
The ten-headed hydra is heavily wounded.
You lop one of the ten-headed hydra's heads off!
The nine-headed hydra grows two more!
You slash the 11-headed hydra!
The 11-headed hydra is heavily wounded.
The 11-headed hydra is engulfed in dark miasma.
You block the 11-headed hydra's attack. The 11-headed hydra closely misses you.
The 11-headed hydra bites you but does no damage.
The 11-headed hydra bites you!
* * * LOW HITPOINT WARNING * * *
The 11-headed hydra bites you but does no damage.
You block the 11-headed hydra's attack.
The 11-headed hydra bites you but does no damage. x2
The 11-headed hydra bites you!
You die...

##......####### ♣♣♣♣♣♣.♣♣♣♣♣♣♣###
........#.♣.♣.#♣♣⌠.♣.♣.......♣#.♣
........#♣.♣.♣#.~~.♣.♣.♣.≈~≈..#..
...####.#.♣.♣.#.≈≈≈..).♣♣..♣.♣#..
... #.#♣.♣.♣#♣....♣♣.♣♣♣...♣#.♣
.. #.#.♣.♣.########'########.♣
...####.#♣.♣.♣# .♣ #...#♣♣.♣♣#.♣
........#♣♣.♣♣♣♣♣D♣♣♣...♣♣.♣.♣♣[♣
...###.....⌠....@♣..'<8>'.♣♣♣)[..
##.#♣♣.♣♣♣♣♣○♣♣♣...♣♣.♣.♣♣.♣
#.#♣.♣.♣# .♣ #HD.#♣♣.♣♣#..
#.#.♣.♣.# #####K###### #..
#.#♣.♣.♣# ♣...Y)..♣ #.♣ ..#.♣.♣.#
♣.♣.♣K♣.♣ #.♣ ..#♣.♣.♣# ♣ ♣K .♣ ♣
#♣. ..#.♣.♣.# ♣D .♣ ♣♣ ####### ♣.
.♣ #


You could see a 11-headed hydra.

Vanquished Creatures
  A catoblepas (D:9)
  Pikel (D:4)
  A cyclops (D:9)
  2 manticores (D:9)
  2 shadows (D:9)
  6 yaks (D:9)
  Grum (D:8)
  4 steam dragons
  An acid dragon (D:9)
  Duvessa (D:4)
  Pargi (Sewer)
  3 orc warriors
  3 ice beasts
  5 centaurs
  3 wolves (D:8)
  3 ogres
  3 lemures (D:4)
  A phantom (D:6)
  5 kobold brigands (D:9)
  4 bullfrogs
  4 gnoll sergeants
  5 scorpions
  6 wights (D:9)
  Dowan (D:4)
  5 killer bees
  6 howler monkeys
  A jelly (D:5)
  6 hounds
  6 orc priests
  2 gnoll boudas
  A sleepcap (D:5)
  5 iguanas
  14 orc wizards
  19 gnolls
  8 adders
  A white imp (D:7)
  2 ufetubi (D:6)
  2 worms (D:6)
  4 dart slugs
  32 orcs
  5 ball pythons
  4 bats
  11 endoplasms
  5 giant cockroaches
  8 goblins
  4 hobgoblins
  3 jackals (Sewer)
  5 quokkas
  6 frilled lizards
  14 kobolds
  9 rats
255 creatures vanquished.

Vanquished Creatures (others)
  A quokka (D:4)
1 creature vanquished.

Grand Total: 256 creatures vanquished

Notes
Turn   | Place    | Note
-------+----------+-------------------------------------------
     0 | D:1      | Maratek the Demonspawn Fighter began the quest for the Orb.
     0 | D:1      | Reached XP level 1. HP: 18/18 MP: 1/1
    80 | D:1      | Gained mutation: You have a pair of small horns on your
                  | head. [demonic ancestry]
    80 | D:1      | Reached XP level 2. HP: 15/24 MP: 2/2
   171 | D:1      | Found a faded altar of an unknown god.
   182 | D:1      | Reached skill level 2 in Axes
   662 | D:2      | Reached XP level 3. HP: 29/29 MP: 3/3
  1159 | D:2      | Identified the +5 spear "Icuah" {freeze, rCorr}
  1421 | D:2      | Reached skill level 3 in Axes
  1453 | D:2      | You fall into a shaft and drop 2 floors!
  1453 | D:4      | Found Isun's Armour Shoppe.
  1504 | D:4      | Reached skill level 1 in Dodging
  1504 | D:4      | Gained mutation: You may rarely emit foul miasma when
                  | damaged in melee. [demonic ancestry]
  1504 | D:4      | Reached XP level 4. HP: 35/35 MP: 4/4
  1894 | D:3      | Identified the ring of Genahuth {Will+ rCorr SInv}
  2031 | D:3      | Gained mutation: You have a pair of horns on your head.
                  | [demonic ancestry]
  2031 | D:3      | Reached XP level 5. HP: 41/42 MP: 5/5
  2356 | D:4      | Noticed Dowan
  2356 | D:4      | Noticed Duvessa
  2481 | D:5      | Entered Level 5 of the Dungeon
  2545 | D:5      | Noticed an ice beast
  2545 | D:5      | Noticed an ogre
  2551 | D:5      | Killed an ogre
  2552 | D:5      | Gained mutation: You have a pair of large horns on your
                  | head. [demonic ancestry]
  2552 | D:5      | Reached XP level 6. HP: 5/48 MP: 6/6
  2552 | D:5      | Killed an ice beast
  2553 | D:5      | Reached skill level 4 in Axes
  2855 | D:5      | Reached XP level 7. HP: 45/55 MP: 7/7
  3202 | D:5      | Found a stormy altar of Qazlal.
  3203 | D:5      | Noticed an air elemental
  3208 | D:5      | Noticed a water elemental
  3208 | D:5      | Noticed a fire elemental
  3261 | D:5      | Became a worshipper of Qazlal Stormbringer
  3360 | D:5      | Reached skill level 5 in Axes
  3361 | D:5      | Reached skill level 5 in Armour
  3708 | D:6      | Reached skill level 5 in Fighting
  3708 | D:6      | Gained mutation: A meltable shield of frost defends you.
                  | (SH +4) [demonic ancestry]
  3708 | D:6      | Reached XP level 8. HP: 5/62 MP: 8/8
  4008 | D:6      | Found a glowing drain.
  4015 | Sewer    | Entered a sewer
  4051 | Sewer    | Noticed Pargi
  4057 | Sewer    | Killed Pargi
  4218 | D:6      | Reached * piety under Qazlal
  4265 | D:6      | Reached skill level 6 in Axes
  5094 | D:7      | Identified the +2 falchion of Nozoepnu {vamp, Str-3 Int+5}
  5105 | D:7      | Reached skill level 7 in Axes
  5108 | D:7      | Reached XP level 9. HP: 61/68 MP: 9/9
  5366 | D:7      | Reached ** piety under Qazlal
  5544 | D:7      | Reached skill level 8 in Axes
  5660 | D:7      | Found Ricraum's Distillery.
  5664 | D:7      | Bought a potion of heal wounds for 65 gold pieces
  5664 | D:7      | Bought a potion of curing for 39 gold pieces
  5963 | D:4      | Killed Duvessa
  5964 | D:4      | Reached skill level 1 in Stealth
  5972 | D:4      | Killed Dowan
  6004 | D:4      | Noticed Pikel
  6016 | D:4      | Killed Pikel
  6017 | D:4      | Reached skill level 5 in Shields
  6114 | D:4      | Reached skill level 9 in Axes
  6419 | D:4      | Found a staircase to the Ecumenical Temple.
  6425 | D:4      | Reached XP level 10. HP: 77/77 MP: 10/10
  6607 | D:8      | Found a blossoming altar of Fedhas.
  6625 | D:8      | Reached skill level 10 in Axes
  6656 | D:8      | Found a sparkling altar of Nemelex Xobeh.
  6785 | D:8      | Found a basalt altar of Yredelemnul.
  6834 | D:8      | Noticed Grum
  6846 | D:8      | Killed Grum
  7149 | D:9      | Reached XP level 11. HP: 81/83 MP: 11/11
  7239 | D:9      | Reached *** piety under Qazlal
  7302 | D:9      | Found Yrungunt's Jewellery Shop.
  7545 | D:9      | Noticed a catoblepas
  7558 | D:9      | Killed a catoblepas
  7559 | D:9      | Reached skill level 5 in Dodging
  7718 | D:9      | Noticed a seven-headed hydra
  8074 | D:9      | Reached skill level 11 in Axes
  8111 | D:9      | Found Ugoh's Changing Room.
  8591 | D:9      | Slain by an 11-headed hydra

Illustrated notes

Levels and vault maps discovered:
D:1:      amcnicky_arrival_wind_blow, layout_rooms,
          shapermc_ecumenical_altar_ellora
D:2:      layout_loops_ring, hangedman_glass_teeth
D:3:      layout_rooms, dk_noncrumbling_2, minmay_fractal_squares_gapless_5
D:4:      layout_rooms, elyvilon_altar_4, minmay_temple_entry_fiery,
          serial_bayou, serial_bayou_pond_b, serial_bayou_shore_a,
          serial_bayou_crossing, serial_bayou_pond_e, serial_bayou_pond_d,
          serial_shops, shop, uniq_pikel, uniq_duvessa
D:5:      layout_loops_ring, nicolae_qazlal_style_of_elements
D:6:      layout_loops_ring, lightli_sewer_entry_pipes, serial_rivers,
          chequers_serial_rivers_room_a, chequers_serial_rivers_micro_b,
          chequers_serial_rivers_small_3, chequers_serial_rivers_room_b
D:7:      layout_cave_pools, serial_shops, shop, amcnicky_mini_pool_small,
          minmay_a_box_with_orc_wizards_in_it
D:8:      layout_rooms, kennysheep_little_box, fedhas_bush_and_centaur_altar,
          mainiacjoe_overflow_cross_hatched, uniq_grum
D:9:      nzn_winding_woodlands_stair_cross
          [nzn_winding_woodlands_5x15_split_checker,
          nzn_winding_woodlands_center_lodge,
          nzn_winding_woodlands_5x15_pathside_ponds,
          nzn_winding_woodlands_5x5_cross,
          nzn_winding_woodlands_5x5_closed_star,
          nzn_winding_woodlands_5x15_sidewinder,
          nzn_winding_woodlands_center_pierced_h,
          nzn_winding_woodlands_5x15_pockets], layout_basic, serial_glass,
          glass_columns_a, glass_columns_b, glass_columns_b, serial_shops, shop,
          nicolae_transmutations_shop

Skill      XL: |  1  2  3  4  5  6  7  8  9 10 11 |
---------------+----------------------------------+-----
Axes           | 2 3 4 5 7 9 10 11 | 11.2
Shields        | 3 4 6 7 |  7.5
Armour         | 3 4 5 7 8 |  8.5
Dodging        | 1 2 4 5 |  5.1
Fighting       | 4 5 6 7 |  7.5
Stealth        | 3 |  3.1

Action                     |  1- 3 |  4- 6 |  7- 9 | 10-12 || total
---------------------------+-------+-------+-------+-------++-------
  Melee: War axe           |   122 |    65 |   224 |   201 ||   612
         Headbutt          |    16 |    19 |    51 |    40 ||   126
    Use: Scroll            |     4 |     5 |     9 |     2 ||    20
         Potion            |       |       |     1 |     1 ||     2
 Armour: Scale mail        |    87 |    53 |    28 |       ||   168
         Chain mail        |       |       |    95 |    54 ||   149
         Plate armour      |       |       |       |    78 ||    78
  Dodge: Dodged            |    48 |    35 |   105 |    71 ||   259
  Block: Buckler           |    29 |    12 |    96 |   164 ||   301

Table legend: (Time is in decaauts)
 A = Elapsed time spent in this place.
 B = Non-inter-level travel time spent in this place.
 C = Inter-level travel time spent in this place.
 D = Time resting spent in this place.
 E = Time spent auto-exploring this place.
 F = Levels seen in this place.
 G = Mean time per level.
                   A        B        C        D        E       F      G
               +--------+--------+--------+--------+--------+-----+--------+
         Total |   8801 |   8317 |    484 |    924 |   5798 |  10 |  880.1 |
       Dungeon |   8617 |   8133 |    484 |    924 |   5709 |   9 |  957.4 |
         Sewer |    183 |    183 |      0 |      0 |     89 |   1 |  183.0 |
               +--------+--------+--------+--------+--------+-----+--------+

Top non-repeatable levels by time:
     D:6: 1473 daAuts
     D:9: 1162 daAuts
     D:5: 1134 daAuts
     D:2: 969 daAuts
     D:7: 889 daAuts
     D:8: 861 daAuts
     D:3: 742 daAuts
     D:4: 702 daAuts
     D:1: 683 daAuts
   Sewer: 183 daAuts
